 Dungeon Crawl Stone Soup version 0.21.1-1-g345015fe64 (webtiles) character file.

546 Nattfarinn the Ruffian (level 7, -4/60 (61) HPs)
             Began as a Ghoul Monk on May 4, 2018.
             Slain by a worker ant (8 damage)
             ... on level 4 of the Dungeon.
             The game lasted 00:06:21 (2865 turns).

Nattfarinn the Ruffian (Ghoul Monk)                 Turns: 2865, Time: 00:06:21

HP:   -4/60 (61)    AC:  2    Str: 17    XL:     7   Next: 28%
MP:   6/6           EV: 13    Int:  5    God:
Gold: 169           SH:  4    Dex: 11    Spells: 6/6 levels left

rFire    . . .     SeeInvis .     - Unarmed
rCold    + . .     Gourm    .   s - +0 buckler
rNeg     + + +     Faith    .   q - +0 robe
rPois    ∞         Spirit   .   (no helmet)
rElec    .         Reflect  .   (no cloak)
rCorr    .         Harm     .   (no gloves)
MR       .....                  (no boots)
Stlth    ++........             (no amulet)
HPRegen  0.00/turn              (no ring)
MPRegen  0.10/turn              (no ring)

@: rotting
A: rotting body, claws 1, carnivore, cold resistance 1, negative energy
resistance 3, inhibited regeneration, torment resistance, unbreathing
a: no special abilities


You were on level 4 of the Dungeon.
You were not hungry.

You visited 1 branch of the dungeon, and saw 4 of its levels.

You collected 169 gold pieces.

Inventory:

Armour
 a - a +0 robe
 q - a +0 robe (worn)
 s - a +0 buckler (worn)
Wands
 j - a wand of random effects (19)
 w - a wand of polymorph (7)
Scrolls
 c - 2 scrolls of remove curse
 e - a scroll of immolation {unknown}
 g - 2 scrolls of identify {unknown}
 i - a scroll of noise {unknown}
 m - a scroll of amnesia {unknown}
 o - a scroll of fear {unknown}
 t - a scroll of fog {unknown}
 u - a scroll of blinking {unknown}
 v - a scroll of teleportation {unknown}
Potions
 d - 2 potions of curing {unknown}
 h - 2 potions of berserk rage {unknown}
 k - a potion of heal wounds {unknown}
 l - a potion of brilliance {unknown}
 n - a potion of might {unknown}
 p - a potion of lignification {unknown}
 r - 2 potions of flight {unknown}
Comestibles
 b - 4 rations


   Skills:
 + Level 5.1 Fighting
 + Level 4.1 Dodging
 - Level 2.1 Stealth
 + Level 1.8 Shields
 * Level 6.4 Unarmed Combat


You had 6 spell levels left.
You didn't know any spells.

Dungeon Overview and Level Annotations

Branches:
Dungeon (4/15)
 Temple: D:4-7

Altars:
Kikubaaqudgha
Trog

Shops:
D:4 [


Innate Abilities, Weirdness & Mutations

Your body is rotting away.
You thrive on raw meat.
You are immune to poison.
You have sharp fingernails.
You are carnivorous and can eat meat at any time.
Your flesh is cold resistant. (rC+)
You are immune to negative energy. (rN+++)
You do not regenerate when monsters are visible.
You are immune to unholy pain and torment.
You can survive without breathing.


Message History

You scratch the worker ant but do no damage.
The worker ant is moderately wounded.
The worker ant bites you. The orc misses you. The worker ant bites you.
The orc misses you. The worker ant bites you.
* * * LOW HITPOINT WARNING * * *
You scratch the worker ant but do no damage.
The worker ant is moderately wounded.
The worker ant bites you.
* * * LOW HITPOINT WARNING * * *
You block the worker ant's attack.
Okay, then.
Sorry, you're not good enough to have a special ability.
The worker ant bites you!
* * * LOW HITPOINT WARNING * * *
The worker ant bites you.
* * * LOW HITPOINT WARNING * * *
As you read the scroll labeled XODEISHR WAROUW, it crumbles to dust.
You feel as if something is helping you.
It was a scroll of remove curse.
The worker ant bites you!
You die...

##...(##..###..######..#######
#.#...###.# #..######........#
##..#.##..# #...........####.#
##.#.....# ##.######.#.# #.#
####..#..#.####.#####....# #.#
#.....................#..# #.#
##.#####.####.########...##
#.# #≈≈≈####.# #.#########.##
#.# #≈≈≈≈≈....####.a@........#
#.# #≈≈∩...##.....o###########
#.# #≈≈≈≈≈########.# #.#
##≈≈≈## #o# #.# ##o## #.# #.#
#... ### #o# #.# . ..# #.# #.#
#.###.## #.# #o##...# ##.#


You could see a worker ant and an orc.

Vanquished Creatures
  Eustachio (D:4)
  Edmund (D:4)
  A bullfrog (D:3)
  An orc priest (D:4)
  An orc wizard (D:4)
  Terence (D:2)
  A worker ant (D:4)
  5 adders
  An ooze (D:3)
  4 worms
  3 dart slugs
  A leopard gecko (D:4)
  6 orcs
  3 giant cockroaches
  6 goblins
  2 hobgoblins (D:1)
  3 jackals (D:3)
  4 kobolds
  A quokka (D:4)
  6 bats
  A frilled lizard (D:2)
  A quokka skeleton (D:3)
  4 rats
58 creatures vanquished.

Notes
Turn   | Place    | Note
-------+----------+-------------------------------------------
     0 | D:1      | Nattfarinn the Ghoul Monk began the quest for the Orb.
     0 | D:1      | Reached XP level 1. HP: 19/19 MP: 0/0
   156 | D:1      | Reached XP level 2. HP: 22/26 MP: 1/1
   602 | D:2      | Reached XP level 3. HP: 27/31 MP: 2/2
   620 | D:2      | Noticed Terence
   630 | D:2      | Killed Terence
   630 | D:2      | Reached skill level 4 in Unarmed Combat
   832 | D:2      | Found an ancient bone altar of Kikubaaqudgha.
   842 | D:2      | Found a bloodstained altar of Trog.
  1083 | D:2      | Reached XP level 4. HP: 27/39 MP: 3/3
  1859 | D:3      | Noticed a bullfrog
  1873 | D:3      | Killed a bullfrog
  1873 | D:3      | Reached skill level 5 in Unarmed Combat
  1873 | D:3      | Reached XP level 5. HP: 33/47 MP: 4/4
  2206 | D:4      | Reached XP level 6. HP: 26/53 MP: 5/5
  2253 | D:4      | Noticed Edmund
  2271 | D:4      | Killed Edmund
  2271 | D:4      | Reached skill level 1 in Shields
  2276 | D:4      | Reached skill level 6 in Unarmed Combat
  2422 | D:4      | Noticed Eustachio
  2605 | D:4      | Killed Eustachio
  2605 | D:4      | Reached skill level 5 in Fighting
  2605 | D:4      | Reached XP level 7. HP: 33/61 MP: 6/6
  2789 | D:4      | Found Lone's Armour Shoppe.
  2865 | D:4      | Slain by a worker ant

Skill      XL: |  1  2  3  4  5  6 |
---------------+-------------------+-----
Dodging        | 3 4 |  4.1
Unarmed Combat | 4 5 6 |  6.4
Fighting       | 4 5 |  5.1
Shields        | 1 |  1.8
Stealth        | |  2.1

Action                   |  1- 3 |  4- 6 |  7- 9 || total
-------------------------+-------+-------+-------++-------
Melee: Unarmed           |    95 |   167 |    10 ||   272
       Punch             |       |     1 |       ||     1
  Use: Scroll            |       |       |     1 ||     1
 Stab: Sleeping          |     1 |     1 |       ||     2
  Eat: Chunk             |    11 |    19 |       ||    30
Armor: Robe              |    34 |    34 |       ||    68
Dodge: Dodged            |    67 |   132 |     7 ||   206
Block: Buckler           |       |    17 |     2 ||    19
